 Dungeon Crawl Stone Soup version 0.23-a0-635-g88ca12a7de (webtiles) character file.

195 Adamkad1 the Caller (level 5, 0/37 HPs)
             Began as a Vampire Summoner on Dec 27, 2018.
             Slain by a goblin (6 damage)
             ... led by Robin
             ... on level 3 of the Dungeon.
             The game lasted 00:08:50 (4157 turns).

Adamkad1 the Caller (Vampire Summoner)              Turns: 4157, Time: 00:08:51

Health: 0/37       AC:  2    Str:  7    XL:     5   Next: 45%
Magic:  4/9        EV: 13    Int: 18    God:
Gold:   130        SH:  0    Dex: 15    Spells: 4/10 levels left

rFire    . . .     SeeInvis +   o - +0 trident
rCold    + . .     Gourm    .   (no shield)
rNeg     + + .     Faith    .   a - +0 robe
rPois    +         Spirit   .   (no helmet)
rElec    .         Reflect  .   (no cloak)
rCorr    +         Harm     .   (no gloves)
MR       .....                  (no boots)
Stlth    ++++......             (no amulet)
HPRegen  0.06/turn              g - ring of resist corrosion
MPRegen  0.11/turn              (no ring)

@: regenerating slowly
A: fangs 3, see invisible, unbreathing
a: Bat Form


You were on level 3 of the Dungeon.
You were near bloodless.

You visited 1 branch of the dungeon, and saw 3 of its levels.

You collected 130 gold pieces.

Inventory:

Hand Weapons
 h - a +0 dagger
 o - a +0 trident (weapon)
Armour
 a - a +0 robe (worn)
Jewellery
 d - an uncursed ring of protection from fire {unknown}
 g - a ring of resist corrosion (left hand)
Scrolls
 e - 3 scrolls of teleportation
 l - 2 scrolls of noise {unknown}
 m - a scroll of fog {unknown}
 n - a scroll of fear {unknown}
 q - 4 scrolls of identify
Potions
 b - a potion of brilliance {unknown}
 c - 17 potions of blood
 f - a potion of might {unknown}
 i - a potion of lignification {unknown}
 j - 4 potions of curing {unknown}
 k - 2 potions of heal wounds {unknown}
 p - a potion of degeneration {unknown}


   Skills:
 + Level 1.1 Fighting
 + Level 0.3 Polearms
 + Level 2.8 Dodging
 + Level 4.4 Stealth
 - Level 0.5 Unarmed Combat
 * Level 3.2 Spellcasting
 * Level 5.1 Summonings


You had 4 spell levels left.
You knew the following spells:

 Your Spells              Type           Power        Failure   Level  Hunger
a - Summon Small Mammal   Summ           ###.         1%          1    None
b - Call Imp              Summ           ###.....     3%          2    ##.....
c - Call Canine Familiar  Summ           ###.....     6%          3    ###....

Your spell library contained the following spells:

 Spells                   Type           Power        Failure   Level  Hunger
 Summon Guardian Golem    Hex/Summ       ##......     17%         3    ###....
 Summon Ice Beast         Ice/Summ       ##......     50%         4    ####...
 Summon Lightning Spire   Summ/Air       ##......     50%         4    ####...


Dungeon Overview and Level Annotations

Branches:
Dungeon (3/15)

Altars:

Annotations:
D:3 Robin


Innate Abilities, Weirdness & Mutations

You heal slowly.
You have razor-sharp teeth.
You have supernaturally acute eyesight. (SInv)
You can survive without breathing.


Message History

Confirm with . or Enter, or press ? or * to list all spells.
Okay, then.
The goblin closely misses you.
Robin roars a battlecry!
The goblin hits you but does no damage.
Robin roars a battlecry!
Casting: Call Imp (safe; 3% risk of failure)
Confirm with . or Enter, or press ? or * to list all spells.
A beastly little devil appears in a puff of frigid air.
The goblin no longer looks unusually strong.
Robin throws the goblin at you! The goblin closely misses you.
The goblin hits you.
* * * LOW HITPOINT WARNING * * *
Unknown command.
Okay, then.
Okay, then.
Robin roars a battlecry!
The hobgoblin goes into a battle-frenzy!
The goblin hits you.
You die...

#............##.#####
5.........>####.5.#
#.g5....##.######.#
#....#..#..g......#
#....#..#...)..#####
#....##.#.^.....5..#
#....##..#.#...##.##
#....##......####g#
#....###....g...@g#
###### ##g.#.######
#.....# #...###
#######...#
#.....g.#.#######
#...............#
#......##..#.####
#...[..##..#.#


You could see Robin, a hobgoblin and 2 goblins.

Vanquished Creatures
  A leopard gecko (D:1)
  A ball python (D:2)
  A giant cockroach (D:3)
  7 goblins
  6 hobgoblins
  3 jackals
  4 bats
  A frilled lizard (D:1)
  11 kobolds
  2 rats (D:2)
37 creatures vanquished.

Vanquished Creatures (collateral kills)
  Sigmund (D:3)
  A big kobold (D:3)
  2 adders
  3 leopard geckos
  2 orcs (D:3)
  2 bats
  3 giant cockroaches
  9 goblins
  2 hobgoblins (D:1)
  2 quokkas (D:3)
  3 frilled lizards (D:1)
  4 kobolds
  4 rats
38 creatures vanquished.

Grand Total: 75 creatures vanquished

Notes
Turn   | Place    | Note
-------+----------+-------------------------------------------
     0 | D:1      | Adamkad1 the Vampire Summoner began the quest for the Orb.
     0 | D:1      | Reached XP level 1. HP: 13/13 MP: 3/3
   751 | D:1      | Reached XP level 2. HP: 12/19 MP: 5/5
   871 | D:1      | You fall through a shaft!
   877 | D:2      | Learned a level 2 spell: Call Imp
  1616 | D:1      | Reached XP level 3. HP: 3/24 MP: 2/6
  2874 | D:2      | Learned a level 3 spell: Call Canine Familiar
  3395 | D:3      | Noticed Sigmund
  3414 | D:3      | Killed Sigmund
  3414 | D:3      | Reached XP level 4. HP: 28/31 MP: 2/8
  3414 | D:3      | Reached XP level 5. HP: 32/36 MP: 2/9
  3481 | D:3      | Reached skill level 1 in Fighting
  3835 | D:3      | Reached skill level 5 in Summonings
  3988 | D:3      | Noticed Robin
  4157 | D:3      | Slain by a goblin

Vault maps used:
D:1:      arrival_zaba_pyramid
D:2:      chequers_decorated_corner, columned_hall_lemuel
D:3:      cheibrodos_thug_alley, minmay_pentomino_pile, uniq_terence,
          uniq_robin, uniq_sigmund

Skill      XL: |  1  2  3  4  5 |
---------------+----------------+-----
Stealth        | 4 |  4.4
Spellcasting   | 3 |  3.2
Fighting       | 1 |  1.1
Summonings     | 5 |  5.1
Polearms       | |  0.3
Dodging        | |  2.8
Unarmed Combat | |  0.5

Action                   |  1- 3 |  4- 6 || total
-------------------------+-------+-------++-------
Melee: Club              |    17 |       ||    17
       Unarmed           |    10 |       ||    10
       Bite              |    10 |     6 ||    16
       Dagger            |    95 |       ||    95
       Trident           |       |    54 ||    54
 Cast: Summon Small Mamm |     6 |       ||     6
       Call Imp          |    24 |    13 ||    37
 Abil: End Transformatio |       |     1 ||     1
       Bat Form          |       |     1 ||     1
  Use: Scroll            |     3 |       ||     3
       Potion            |     3 |     2 ||     5
 Stab: Sleeping          |    10 |     1 ||    11
       Distracted        |     1 |       ||     1
Armor: Robe              |    36 |    13 ||    49
Dodge: Dodged            |   110 |    53 ||   163

Table legend:
 A = Non-vault XP
 B = Vault XP
 C = Vault XP percentage of total XP
 D = Non-vault monster count
 E = Vault monster count
 F = Vault count percentage of total count
                 A         B        C        D         E       F
            +---------+---------+-------+---------+---------+-------
      Total |      98 |     181 |  64.9 |      57 |      18 |  24.0
            +---------+---------+-------+---------+---------+-------
        D:1 |      36 |       0 |   0.0 |      24 |       0 |   0.0
        D:2 |      29 |       0 |   0.0 |      16 |       0 |   0.0
        D:3 |      33 |     181 |  84.6 |      17 |      18 |  51.4
            +---------+---------+-------+---------+---------+-------
